Map: 16 bits EC

Players

HoldTheDoor - Winner!

  • Race: Protoss Protoss
  • League: Diamond
  • Spawn Location: 7:00

DarkCzarny

  • Race: Terran Terran
  • League: Platinum
  • Spawn Location: 1:00

VOD

Have the link to the VOD?

Description

Time

  • Played on: July 7, 2018, 3:09 p.m.
  • Length: 14:28
Show
View Real Time Build Order
Export as new Build Order

HoldTheDoor Protoss - Winner!

Build Orders: Colossus Rush 

Get SALT Encoding   

  12  0:01  Probe  
  13  0:13  Probe  
  14  0:20  Pylon  
  14  0:25  Probe  
  15  0:36  Probe  
  15  0:38  Gateway  
  16  0:44  Probe  
  16  0:46  Assimilator  
  17  0:55  Probe  
  17  0:56  Assimilator  
  18  1:08  Probe  
  19  1:20  Probe  
  19  1:21  Gateway  
  20  1:32  Probe  
  21  1:41  Cybernetics Core  
  21  1:44  Probe, Pylon  
  22  1:56  Probe  
  23  2:08  Stalker x2  
  23  2:09  Probe  
  23  2:12  Warp Gate  
  24  2:22  Pylon  
  28  2:37  Stalker, Probe  
  28  2:40  Stalker  
  33  2:49  Probe  
  34  2:56  Robotics Facility  
  34  3:04  Probe  
  35  3:20  Probe  
  36  4:13  Pylon  
  36  4:18  Pylon  
  36  4:21  Warp Prism  
  36  4:22  Robotics Bay  
  36  4:23  Stalker  
  40  4:44  Nexus  
  40  4:48  Assimilator  
  40  4:52  Assimilator  
  40  4:54  Stalker, Pylon  
  40  4:55  Stalker  
  40  4:57  Immortal, Pylon  
  48  5:06  Probe  
  49  5:18  Probe, Pylon  
  50  5:23  Gateway  
  50  5:30  Probe  
  51  5:38  Adept x2  
  51  5:42  Probe  
  56  5:52  Colossus  
  56  5:55  Probe  
  63  5:59  Probe  
  64  6:07  Adept  
  64  6:11  Adept  
  68  6:24  Extended Thermal Lance  
  68  6:32  Stalker x2  
  72  6:42  Probe x2  
  74  6:50  Gateway  
  74  6:52  Observer  
  75  6:54  Probe x2  
  77  7:06  Probe x2  
  79  7:09  Stalker  
  79  7:12  Colossus  
  81  7:18  Probe x2  
  89  7:30  Probe  
  90  8:01  Forge, Stalker x2  
  90  8:02  Forge  
  94  8:07  Pylon  
  94  8:09  Pylon  
  94  8:25  Colossus  
  100  8:27  Stalker x2  
  100  8:28  Stalker  
  106  8:34  Pylon  
  106  8:39  Pylon  
  106  8:41  Pylon  
  106  8:42  Protoss Ground Armor Level 1  
  106  8:43  Nexus  
  106  8:44  Protoss Shields Level 1  
  106  8:47  Pylon  
  106  8:49  Probe x2  
  108  8:55  Assimilator  
  108  9:05  Twilight Council  
  108  9:18  Pylon  
  108  9:23  Immortal  
  112  9:30  Zealot x2  
  116  9:35  Zealot  
  118  9:41  Zealot  
  118  9:43  Probe x2  
  122  9:50  Assimilator  
  122  9:52  Charge  
  122  9:57  Probe x2  
  122  9:58  Probe  
  125  10:07  Immortal  
  125  10:09  Probe  
  130  10:14  Sentry  
  130  10:15  Sentry x2  
  130  10:18  Stalker  
  138  10:27  Probe  
  138  10:28  Probe  
  140  10:30  Protoss Ground Weapons Level 1  
  140  10:39  Pylon  
  140  10:46  Templar Archives  
  140  10:47  Photon Cannon  
  140  10:49  Immortal  
  144  10:58  Probe x3  
  126  11:19  Stalker x3  
  126  11:20  Stalker  
  128  11:32  Probe x2  
  128  11:36  Nexus  
  128  11:44  Probe  
  129  11:50  Photon Cannon  
  129  11:52  Photon Cannon  
  129  11:53  Photon Cannon  
  129  12:15  Photon Cannon  
  129  12:16  Photon Cannon  
  129  12:18  Shield Battery  
  129  12:21  Pylon  
  129  12:27  Photon Cannon  
  95  13:20  Stalker x2  
  95  13:21  Stalker x2  
  68  14:09  Stalker  
  66  14:10  Stalker x3  
Show
View Real Time Build Order
Export as new Build Order

DarkCzarny Terran 

Build Orders: Command Center First (CC), MMM Bio 

Get SALT Encoding   

  12  0:05  SCV  
  13  0:17  SCV  
  14  0:23  Supply Depot  
  14  0:30  SCV  
  15  0:45  SCV  
  16  0:57  SCV  
  17  1:05  Command Center  
  17  1:09  SCV  
  18  1:19  Barracks  
  18  1:28  SCV  
  19  1:40  SCV  
  20  1:50  Barracks  
  20  1:53  Barracks  
  20  1:57  SCV  
  21  2:13  Marine  
  22  2:17  Orbital Command  
  22  2:24  Bunker  
  22  2:25  Orbital Command  
  22  2:34  Supply Depot  
  22  2:36  Marine  
  23  2:41  Marine  
  24  2:44  Marine  
  25  2:53  Refinery  
  25  2:59  Marine  
  25  3:03  SCV  
  25  3:04  SCV, Bunker  
  28  3:12  Marine  
  28  3:14  Engineering Bay  
  28  3:15  SCV  
  29  3:21  Marine x2  
  29  3:38  SCV x2  
  31  3:43  Marine  
  31  3:44  Marine x2  
  32  3:58  SCV x2, Command Center  
  33  4:05  Marine x3  
  36  4:10  SCV  
  36  4:14  Bunker  
  37  4:23  Marine  
  38  4:24  Marine x2  
  38  4:27  SCV  
  41  4:39  Bunker  
  41  4:41  Marine  
  41  4:42  Missile Turret  
  41  4:53  Refinery, Terran Infantry Weapons Level 1  
  41  5:05  SCV x2  
  41  5:06  Missile Turret  
  43  5:07  Missile Turret  
  43  5:10  SCV  
  43  5:11  Missile Turret  
  44  5:15  Missile Turret  
  44  5:17  SCV  
  44  5:19  Missile Turret  
  45  5:30  Missile Turret  
  45  5:31  Barracks Tech Lab x2  
  45  5:32  Refinery x2  
  45  5:46  SCV x2  
  45  5:48  Orbital Command  
  47  5:54  Concussive Shells  
  47  5:55  Refinery x2  
  47  6:06  Barracks  
  47  6:08  Barracks  
  47  6:14  SCV x2  
  47  6:15  Factory  
  49  6:41  Stimpack, Combat Shields  
  49  6:42  Engineering Bay  
  49  6:47  Marauder x2  
  49  6:50  SCV x3  
  49  6:51  Barracks Tech Lab  
  56  6:55  Barracks  
  56  6:56  Barracks Tech Lab  
  56  6:57  Barracks Tech Lab  
  56  7:02  SCV x3  
  56  7:05  Starport, Factory Reactor  
  59  7:09  Terran Infantry Armor Level 1  
  59  7:14  SCV x2, Armory  
  61  7:25  SCV  
  61  7:29  Supply Depot  
  62  7:30  Supply Depot  
  62  7:31  Marauder  
  62  7:32  Supply Depot  
  62  7:34  Supply Depot  
  64  7:44  SCV x3  
  66  7:56  SCV  
  67  7:59  Missile Turret  
  67  8:00  Missile Turret  
  67  8:02  Missile Turret  
  67  8:07  Supply Depot  
  67  8:08  Supply Depot  
  67  8:10  Supply Depot  
  67  8:16  Terran Infantry Weapons Level 2  
  67  8:18  Viking, Medivac  
  71  8:22  SCV x3  
  75  8:34  SCV x2  
  76  8:51  SCV x3  
  76  8:52  Barracks  
  76  8:54  Barracks x2  
  79  8:59  Barracks  
  79  9:00  Barracks  
  79  9:05  Medivac x2  
  83  9:10  Marauder x2  
  83  9:11  Marauder x3  
  83  9:13  Terran Infantry Armor Level 2  
  83  9:16  Terran Vehicle And Ship Armor Level 1  
  93  9:18  SCV  
  93  9:19  SCV x2  
  96  9:28  Barracks  
  96  9:36  Medivac x2  
  100  9:44  Marauder x2, Marine  
  105  9:45  Barracks Reactor  
  105  9:46  Barracks Reactor, Command Center  
  105  9:56  Barracks Reactor, Barracks Tech Lab  
  105  9:57  Barracks Tech Lab  
  105  9:59  Marauder x2, Marine  
  110  10:01  Marine  
  110  10:06  Marauder, Medivac x2  
  117  10:07  Marine  
  118  10:16  Marine  
  118  10:19  Marine  
  118  10:20  Marine  
  118  10:21  Marauder x2  
  125  10:40  Barracks Tech Lab x2  
  125  10:48  Supply Depot  
  125  10:50  Supply Depot x2  
  125  10:58  SCV x2, Marauder x4, Marine x5  
  140  11:09  Marine x3  
  140  11:10  Marauder x2  
  147  11:11  Marauder  
  147  11:15  Supply Depot  
  147  11:16  Marauder, Marine x2  
  122  11:34  Marauder x4, Marine x3  
  122  11:36  Viking x2  
  136  12:01  Starport  
  136  12:06  Viking  
  138  12:11  Marauder  
  138  12:12  Marauder x6  
  138  12:13  Marauder x2  
  156  12:16  Viking  
  158  12:33  Marauder  
  86  13:00  Marauder, Marine x4  
  86  13:01  Marauder x4, Marine x4  
  86  13:02  Marauder x2  
  79  13:17  Marine  
  79  13:18  Marine x2  
  79  13:19  Marauder  
  84  13:21  Marine  
  84  13:22  Marauder  
  82  13:34  Marauder, Marine  
  51  13:50  Marine  
  51  13:51  Marauder, Marine  
  33  14:09  Marine  
  15  14:10  Marine  
Tags
 
Add a new tag
Caveats
  • Supply blocks, unpowered buildings, or Contaminate may cause inaccurate times.
  • Supply counts are checked every 10 seconds.